 Dungeon Crawl Stone Soup version 0.27-a0-416-gca2cecf3c0 (webtiles) character file.

Game seed: 7828405522236860126

41 dickylongcocking the Sneak (level 3, -1/17 HPs)
             Began as a Felid Delver on Feb 25, 2021.
             Slain by Sigmund
             ... wielding a +0 scythe
              (2 damage)
             ... on level 2 of the Dungeon.
             The game lasted 00:00:54 (832 turns).

dickylongcocking the Sneak (Felid Delver)            Turns: 832, Time: 00:00:54

Health: -1/17      AC:  1    Str:  8    XL:     3   Next: 32%
Magic:  4/4        EV: 18    Int: 11    God:
Gold:   31         SH:  0    Dex: 18    Spells: 2/2 levels left
                                        Lives:  0   Deaths: 0

rFire    . . .     SeeInvis +     - Unarmed
rCold    . . .     Faith    .   (shield unavailable)
rNeg     . . .     Spirit   .   (armour unavailable)
rPois    .         Reflect  .   (helmet unavailable)
rElec    .         Harm     .   (cloak unavailable)
rCorr    .         Rampage  .   (gloves unavailable)
Will     .....     Clarity  +   (boots unavailable)
Stlth    ++++......             (no amulet)
HPRegen  0.05/turn              (no ring)
MPRegen  0.09/turn              (no ring)

@: brilliant, flying, hasted, very quick
A: very small, no armour, no weapons or thrown items, stealth, claws 1, fangs 3,
see invisible, clarity, speed 1, shaggy fur 1, MP-powered wands, sharp paws
a: no special abilities


You were on level 2 of the Dungeon.
You visited 1 branch of the dungeon, and saw 4 of its levels.

You collected 31 gold pieces.

Inventory:

Wands
 e - a wand of digging (1)
Scrolls
 a - a scroll of fog
 c - a scroll of fear
 f - a scroll of identify {unknown}
 g - a scroll of teleportation {unknown}
Potions
 i - a potion of brilliance


   Skills:
 - Level 3.0 Fighting
 - Level 2.6 Dodging
 - Level 6.6 Stealth
 * Level 3.8 Unarmed Combat


You had 2 spell levels left.
You didn't know any spells.
Your spell library was empty.

Dungeon Overview and Level Annotations

Branches:
Dungeon (5/15)
 Temple: D:4-7

Altars:

Annotations:
D:2 Sigmund
D:4 Robin


Innate Abilities, Weirdness & Mutations

You cannot wear armour.
You are incapable of wielding weapons or throwing items.
Your paws allow you to move quietly. (Stealth)
You have sharp claws.
You have razor-sharp teeth.
You have supernaturally acute eyesight. (SInv)
You cover ground quickly.
You are covered in fur. (AC +1)
Your sharp claws are effective at attacking unaware monsters.
You possess an exceptional clarity of mind.
You expend magic power (3 MP) to strengthen your wands.


Message History

You feel yourself speed up. Sigmund barely misses you.
Unknown command.
You closely miss Sigmund.
Sigmund is lightly wounded.
You barely miss Sigmund.
Sigmund is lightly wounded.
You barely miss Sigmund.
Sigmund is lightly wounded.
Sigmund misses you.
You barely miss Sigmund.
Sigmund is lightly wounded.
You scratch Sigmund.
Sigmund is lightly wounded.
Sigmund gestures at you while chanting. The magic dart hits you!
You closely miss Sigmund. You bite Sigmund, but do no damage.
Sigmund is lightly wounded.
You closely miss Sigmund. You bite Sigmund.
Sigmund is moderately wounded.
Sigmund whispers, "You'll know eternity soon."
Sigmund points at you and mumbles some strange words.
You resist with some effort.
You scratch Sigmund but do no damage. You claw Sigmund.
Sigmund is heavily wounded.
Sigmund closely misses you.
You scratch Sigmund.
Sigmund is heavily wounded.
You scratch Sigmund.
Sigmund is severely wounded.
You scratch Sigmund.
Sigmund is severely wounded.
Sigmund casts a spell at you. The puff of flame hits you!
Ouch! That really hurt!
* * * LOW HITPOINT WARNING * * *
You completely miss Sigmund.
Sigmund is severely wounded.
Sigmund says, "Now you see me, now you don't..."
Sigmund hits you with a +0 scythe.
You die...

.# #.# ## #.# ## #.# .#
#.# .###.# †.##(# .....#
.....###################
................@@......
.....###################
##.#.# ##...## ......#
......# ......# ......#
....>.#


You could see Sigmund.

Vanquished Creatures
  A hound zombie (D:2)
  An adder (D:3)
  A worm (D:2)
  An orc (D:3)
  A goblin (D:3)
  A hobgoblin (D:2)
  2 jackals (D:2)
  A kobold (D:2)
  2 quokkas
  2 bats (D:2)
  A rat (D:2)
14 creatures vanquished.

Notes
Turn   | Place    | Note
-------+----------+-------------------------------------------
     0 | D:5      | dickylongcocking the Felid Delver began the quest for the
                  | Orb.
     0 | D:5      | Reached XP level 1. HP: 10/10 MP: 2/2
    20 | D:4      | Noticed Robin
    20 | D:4      | Noticed a worker ant
    38 | D:4      | Noticed an orc wizard
    78 | D:3      | Reached XP level 2. HP: 5/14 MP: 3/3
   487 | D:2      | Reached XP level 3. HP: 13/17 MP: 4/4
   807 | D:2      | Noticed Sigmund
   815 | D:2      | Gained mutation: You expend magic power (3 MP) to
                  | strengthen your wands. [potion of mutation]
   815 | D:2      | Gained mutation: You possess an exceptional clarity of
                  | mind. [potion of mutation]
   832 | D:2      | Slain by Sigmund

Illustrated notes

Levels and vault maps discovered:
D:2:      layout_basic, uniq_sigmund, uniq_jessica
D:3:      layout_basic, makhleb_heckhound_becter
D:4:      layout_loops_cross, serial_shops, shop, minmay_manual_maat,
          uniq_robin, uniq_purgy, uniq_blork_the_orc
D:5:      layout_basic

Skill      XL: |  1  2 |
---------------+-------+-----
Unarmed Combat | 3 |  3.8
Fighting       | |  3.0
Dodging        | |  2.6
Stealth        | |  6.6

Action                   || total
-------------------------++-------
Melee: Unarmed           ||    63
       Bite              ||     5
       Punch             ||     1
Evoke: Wand              ||     2
  Use: Scroll            ||     1
       Potion            ||     4
 Stab: Sleeping          ||     3
Armor: Skin              ||     3
Dodge: Dodged            ||    62

Table legend: (Time is in decaauts)
 A = Elapsed time spent in this place.
 B = Non-inter-level travel time spent in this place.
 C = Inter-level travel time spent in this place.
 D = Time resting spent in this place.
 E = Time spent auto-exploring this place.
 F = Levels seen in this place.
 G = Mean time per level.
                   A        B        C        D        E       F      G
               +--------+--------+--------+--------+--------+-----+--------+
         Total |    777 |    777 |      0 |    513 |    106 |   4 |  194.2 |
       Dungeon |    777 |    777 |      0 |    513 |    106 |   4 |  194.2 |
               +--------+--------+--------+--------+--------+-----+--------+

Top non-repeatable levels by time:
     D:2: 393 daAuts
     D:3: 339 daAuts
     D:4: 37 daAuts
     D:5: 6 daAuts
